 Dungeon Crawl Stone Soup version 0.31-a0-810-ga77100ea1a (webtiles) character file.

Game seed: 13160342060697060998

28 dynsetu the Sneak (level 3, -3/19 HPs)
             Began as a Vampire Enchanter on Sept 22, 2023.
             Slain by a gnoll
             ... wielding a +0 spear
              (6 damage)
             ... on level 1 of the Dungeon.
             The game lasted 00:01:12 (364 turns).

dynsetu the Sneak (Vampire Enchanter)                Turns: 364, Time: 00:01:13

Health: -3/19      AC:  3    Str:  7    XL:     3   Next: 0%
Magic:  6/6        EV: 12    Int: 17    God:
Gold:   43         SH:  5    Dex: 16    Spells: 6/6 levels left

rFire   . . .        a - +1 dagger
rCold   + + +        (no shield)
rNeg    + + +        b - +0 robe
rPois   ∞            (no helmet)
rElec   .            h - +0 cloak
rCorr   .            (no gloves)
SInv    +            (no boots)
Will    .....        f - amulet of reflection
Stlth   +++++        g - ring of protection from cold
HPRegen 0.00/turn    (no ring)
MPRegen 0.10/turn

%: reflection
@: bloodless, inhibited regen
A: bloodless, fangs 3, see invisible, vampiric 2
a: Bat Form, Revivify


You were on level 1 of the Dungeon.
You visited 1 branch of the dungeon, and saw 1 of its levels.

You collected 43 gold pieces.

Inventory:

Hand Weapons
 a - a +1 dagger (weapon)
Armour
 b - a +0 robe (worn)
 h - a +0 cloak (worn)
Jewellery
 f - an amulet of reflection (around neck)
 g - a ring of protection from cold (left hand)
 i - a ring of ice
Scrolls
 d - a scroll of identify {unknown}
 e - a scroll of brand weapon {unknown}
 j - a scroll of fog {unknown}
Potions
 c - 2 potions of invisibility
 k - a potion of berserk rage {unknown}


   Skills:
 + Level 0.2 Fighting
 + Level 1.2 Short Blades
 + Level 2.4 Dodging
 + Level 5.0 Stealth
 + Level 2.3 Spellcasting
 + Level 4.9 Hexes


You had 6 spell levels left.
You didn't know any spells.
Your spell library contained the following spells:

 Spells                   Type           Power      Damage    Failure   Level
 Confusing Touch          Hex            18%        N/A       8%          3
 Tukima's Dance           Hex            18%        N/A       8%          3
 Ensorcelled Hibernation  Hex/Ice        20%        N/A       11%         2
 Dazzling Flash           Conj/Hex       20%        N/A       21%         3


Dungeon Overview and Level Annotations

Branches:
Dungeon (1/15)

Altars:


Innate Abilities, Weirdness & Mutations

You do not regenerate when monsters are visible.
You are frail without blood (-20% HP).
You can heal yourself when you bite living creatures.
You are immune to poison.
You have razor-sharp teeth.
You have supernaturally acute eyesight. (SInv)
You are afflicted with vampirism and can become a bat while bloodless.


Message History

The endoplasm is heavily wounded.
The endoplasm hits you. The gnoll barely misses you.
You hit the endoplasm.
You kill the endoplasm!
The gnoll completely misses you.
You have reached level 3!
Your experience leads to an increase in your attributes!
Increase (S)trength, (I)ntelligence, or (D)exterity?
You feel agile. x2
You can now turn into a vampire bat when bloodless.
Unknown command.
The gnoll hits you with a +0 spear.
You see here a ball python corpse.
You barely miss the gnoll. You bite the gnoll.
You draw the gnoll's blood!
You feel better.
The gnoll is lightly wounded.
The gnoll hits you with a +0 spear.
You closely miss the gnoll.
The gnoll is lightly wounded.
The gnoll closely misses you.
You hit the gnoll. Your bite misses the gnoll.
The gnoll is moderately wounded.
The gnoll barely misses you.
You hit the gnoll but do no damage.
The gnoll is moderately wounded.
The gnoll hits you with a +0 spear!
* * * LOW HITPOINT WARNING * * *
You hit the gnoll but do no damage. You bite the gnoll.
You draw the gnoll's blood!
You feel better.
The gnoll is heavily wounded.
The gnoll barely misses you.
You barely miss the gnoll. You bite the gnoll.
You draw the gnoll's blood!
You feel better.
The gnoll is severely wounded.
The gnoll hits you with a +0 spear.
* * * LOW HITPOINT WARNING * * *
You hit the gnoll but do no damage.
The gnoll is severely wounded.
The gnoll hits you with a +0 spear.
You die...

...............# #....[
#.......).....# ### #.....
##......##.....# #.. +.....
#....Sg.##..g..# #.# #.....
#......###.....#######.# #.....
.......###.....†.....#.#####.....
.#.........=.....................
.......#######.####..............
$.............rg@...#####..#####.
###...J........###### #..# #.
###..........# #..# #. ........#
+..+ #. ........# #..# #.
........# #### #. ......... ##
#+##. ......# #..##.... .........


You could see a gnoll and a rat.

Vanquished Creatures
  2 dart slugs (D:1)
  4 endoplasms (D:1)
  2 goblins (D:1)
  2 hobgoblins (D:1)
  2 kobolds (D:1)
  A quokka (D:1)
  6 ball pythons (D:1)
  2 bats (D:1)
  A frilled lizard (D:1)
  2 rats (D:1)
24 creatures vanquished.

Notes
Turn   | Place    | Note
-------+----------+-------------------------------------------
     0 | D:1      | dynsetu the Vampire Enchanter began the quest for the Orb.
     0 | D:1      | Reached XP level 1. HP: 13/13 MP: 3/3
   195 | D:1      | Reached XP level 2. HP: 19/19 MP: 5/5
   318 | D:1      | Reached skill level 5 in Stealth
   357 | D:1      | Gained mutation: You are afflicted with vampirism and can
                  | become a bat while bloodless. [Vampire growth]
   357 | D:1      | Reached XP level 3. HP: 13/19 MP: 6/6
   364 | D:1      | Slain by a gnoll

Illustrated notes

Levels and vault maps discovered:
D:1:      dpeg_arrival_houses_and_road, layout_basic,
          hellmonk_ecumenical_altar_pennies_from_heaven

Skill      XL: |  1  2 |
---------------+-------+-----
Stealth        | 5 |  5.0
Fighting       | |  0.2
Short Blades   | |  1.2
Dodging        | |  2.4
Spellcasting   | |  2.3
Hexes          | |  4.9

Action                     || total
---------------------------++-------
  Melee: Dagger            ||    57
         Bite              ||     7
Ability: Exsanguinate      ||     1
   Stab: Sleeping          ||     9
 Armour: Robe              ||    34
  Dodge: Dodged            ||    31
  Block: Other             ||    12

Table legend: (Time is in decaauts)
 A = Elapsed time spent in this place.
 B = Non-inter-level travel time spent in this place.
 C = Inter-level travel time spent in this place.
 D = Time resting spent in this place.
 E = Time spent auto-exploring this place.
 F = Levels seen in this place.
 G = Mean time per level.
                   A        B        C        D        E       F      G
               +--------+--------+--------+--------+--------+-----+--------+
         Total |    360 |    360 |      0 |      0 |    176 |   1 |  360.0 |
       Dungeon |    360 |    360 |      0 |      0 |    176 |   1 |  360.0 |
               +--------+--------+--------+--------+--------+-----+--------+

Top non-repeatable levels by time:
     D:1: 360 daAuts
